 Dungeon Crawl Stone Soup version 0.26-a0-668-gd58323b419 (webtiles) character file.

Game seed: 12046212408559000287

17333 tbh1313 the Severer (level 12, 0/116 HPs)
             Began as a Deep Dwarf Fighter on Oct 18, 2020.
             Was a High Priest of Makhleb.
             Slain by a frost giant
             ... wielding a +2 battleaxe of freezing
              (14 damage)
             ... in an ice cave.
             The game lasted 00:48:11 (11176 turns).

tbh1313 the Severer (Deep Dwarf Fighter)           Turns: 11176, Time: 00:48:11

Health: 0/116      AC: 14    Str: 22    XL:     12   Next: 18%
Magic:  4/4        EV:  8    Int: 12    God:    Makhleb [*****.]
Gold:   1017       SH:  6    Dex: 12    Spells: 10/11 levels left

rFire    . . .     SeeInvis .   a - +5 war axe (freeze)
rCold    + . .     Faith    .   l - +0 buckler
rNeg     + . .     Spirit   .   M - +1 chain mail {rC+}
rPois    .         Reflect  .   (no helmet)
rElec    .         Harm     .   h - +2 cloak
rCorr    +         Rampage  .   j - +0 pair of gloves
MR       +....                  (no boots)
Stlth    ..........             U - amulet of magic regeneration
HPRegen  0.00/turn              c - ring of resist corrosion
MPRegen  0.34/turn              p - ring of positive energy

@: about to teleport, stab, very slightly contaminated, non-regenerating,
studying 2 skills, invisible
A: damage resistance, heal wounds, sense surroundings 2, no regeneration
a: Heal Wounds, Minor Destruction, Lesser Servant of Makhleb, Major Destruction,
Greater Servant of Makhleb, Renounce Religion


You were in an ice cave.
You worshipped Makhleb.
Makhleb was extremely pleased with you.
You visited 3 branches of the dungeon, and saw 15 of its levels.
You also visited: Ossuary, Bailey and Ice Cave.

You collected 1017 gold pieces.

Inventory:

Hand Weapons
 a - a +5 war axe of freezing (weapon)
Missiles
 I - 20 javelins (quivered)
Armour
 d - a +4 ring mail
 h - a +2 cloak (worn)
 j - a +0 pair of gloves (worn)
 l - a +0 buckler (worn)
 t - a +0 kite shield
 M - a +1 chain mail of cold resistance (worn)
 N - the +2 robe of Niuloom {Rampage Regen+ rCorr}
   (You found it on level 10 of the Dungeon)

   It increases your rate of regeneration.
   It provides partial protection from all sources of acid and corrosion.
   It bestows one free step when moving towards enemies.
Magical Staves
 R - an uncursed staff of conjuration
Jewellery
 c - a ring of resist corrosion (left hand)
 f - an uncursed ring of fire
 m - an uncursed ring of magical power
 p - a ring of positive energy (right hand)
 s - a +6 ring of dexterity
 w - an uncursed ring of wizardry
 U - an amulet of magic regeneration (around neck)
 V - an uncursed ring of positive energy
Wands
 b - a wand of acid (20)
 r - a wand of flame (11)
 y - a wand of paralysis (9)
 z - a wand of polymorph (18)
 A - a wand of iceblast (4)
 K - a wand of random effects (12)
Scrolls
 e - 3 scrolls of teleportation
 k - 10 scrolls of remove curse
 C - 4 scrolls of magic mapping
 D - 3 scrolls of summoning
 Q - 2 scrolls of amnesia
 T - a scroll of fear
Potions
 g - 2 potions of cancellation
 i - 5 potions of brilliance
 o - a potion of ambrosia
 q - 5 potions of curing
 v - 2 potions of mutation
 B - a potion of haste {unknown}
 E - a potion of experience {unknown}
 G - 3 potions of heal wounds
 H - 2 potions of invisibility
 L - 3 potions of stabbing
Books
 x - a manual of Shields
 F - a manual of Fighting
Miscellaneous
 n - a condenser vane (2/2)


   Skills:
 - Level 9.9 Fighting
 - Level 16.0 Axes
 - Level 3.3 Armour
 - Level 0.8 Dodging
 - Level 8.1 Shields
 + Level 5.1 Conjurations
 + Level 5.2 Fire Magic
 - Level 6.0 Invocations


You had 10 spell levels left.
You knew the following spells:

 Your Spells              Type           Power        Failure   Level
a - Foxfire               Conj/Fire      ##..         34%         1

Your spell library contained the following spells:

 Spells                   Type           Power        Failure   Level
 Magic Dart               Conj           ##..         34%         1
 Conjure Flame            Conj/Fire      ##......     71%         3
 Animate Skeleton         Necr           #.....       96%         1
 Apportation              Tloc           #.....       96%         1
 Beastly Appendage        Tmut           #.....       96%         1
 Corona                   Hex            #......      96%         1
 Summon Small Mammal      Summ           #...         96%         1
 Inner Flame              Hex/Fire       #.......     96%         3
 Sticky Flame             Conj/Fire      ##......     98%         4
 Blink                    Tloc           N/A          99%         2
 Call Imp                 Summ           #.......     99%         2
 Slow                     Hex            #.......     99%         2
 Wereblood                Tmut           #.......     99%         2
 Mephitic Cloud           Conj/Pois/Air  #.......     99%         3
 Spider Form              Tmut/Pois      #.........   100%        3
 Ice Form                 Ice/Tmut       #.......     100%        4
 Blade Hands              Tmut           #.........   100%        5
 Fireball                 Conj/Fire      ##........   100%        5


Dungeon Overview and Level Annotations

Branches:
Dungeon (13/15)            Temple (1/1) D:4             Orc (1/2) D:10
Ossuary (visited)          Bailey (visited)           IceCv (1/1)
   Lair: D:8-11      Vaults: D:13-14

Altars:
Ashenzari
Cheibriados
Dithmenos
Elyvilon
Fedhas
Gozag
Hepliaklqana
Kikubaaqudgha
Makhleb
Nemelex Xobeh
Okawaru
Qazlal
Ru
Sif Muna
Trog
Uskayaw
Vehumet
Wu Jian
Xom
Yredelemnul
Zin
The Shining One

Shops:
D:11 (


Innate Abilities, Weirdness & Mutations

You are resistant to damage.
You can heal yourself by infusing magical energy.
You passively map the area around you.
You do not regenerate.


Message History

The frost giant hits you with a +2 battleaxe of freezing.
The polar bear closely misses you.
The polar bear claws you but does no damage. x2
The frost giant hits you with a +2 battleaxe of freezing!!
* * * LOW HITPOINT WARNING * * *
The frost giant freezes you!
* * * LOW HITPOINT WARNING * * *
As you read the scroll of fear, it crumbles to dust.
You assume a fearsome visage.
The yak looks frightened!
The frost giant resists with almost no effort.
The polar bear looks frightened! x2; The yak looks frightened!
The polar bear looks frightened!
The yak looks frightened!
The polar bear barely misses you. The polar bear claws you.
The polar bear claws you but does no damage.
The yak bellows!
The polar bear growls angrily.
You hear an angry growl.
As you read the scroll of teleportation, it crumbles to dust.
You feel strangely unstable.
The frost giant hits you with a +2 battleaxe of freezing!
You die...

#≈≈≈≈≈≈≈ * , * *
*,* ≈≈≈≈≈≈≈≈ *∩ ≈
, * * ≈≈≈#≈≈# ≈ *
* , ** #≈≈≈#####
≈≈ ***, ##
≈≈≈##...###≈≈ ≈≈
..### ≈≈#≈..##..##
≈ ≈ ≈ #Yh..#
#≈≈.#####..# ≈≈ ≈
#...Y.# #####,
#..##########Y..h#
* , *
#..#...##..@##h..#
#######...##Ch†# *
########## ** *


You could see a frost giant and a polar bear.

Vanquished Creatures
  Harold (D:8)
  A two-headed ogre (D:11)
  2 death yaks (IceCv)
  7 polar bears (IceCv)
  3 trolls
  Grinder (D:6)
  A hornet (D:9)
  A wraith (D:11)
  A wyvern (D:12)
  17 yaks (IceCv)
  A warg (D:10)
  2 soldier ants
  Duvessa (D:6)
  16 orc warriors
  4 phantoms
  12 ice beasts
  A sky beast (D:8)
  A black bear (D:7)
  An eye of draining (D:12)
  7 ogres
  9 wolves (IceCv)
  A hornet zombie (D:10)
  8 centaurs (Bailey)
  A big kobold (D:7)
  2 elf zombies (D:6)
  2 wyvern zombies
  4 bullfrogs
  2 elf skeletons (D:6)
  Dowan (D:6)
  3 scorpions
  9 killer bees (D:11)
  8 wights
  2 howler monkeys
  2 centaur zombies (Ossuary)
  A quasit (D:6)
  A bullfrog zombie (D:9)
  A jelly (D:12)
  6 orc priests
  A gnoll shaman (D:5)
  5 hounds
  4 iguanas
  13 orc wizards
  8 worker ants
  A killer bee zombie (Ossuary)
  2 hound zombies
  2 hound skeletons
  12 mummies (Ossuary)
  A howler monkey skeleton (D:7)
  3 worker ant zombies (Ossuary)
  8 gnolls
  12 adders
  A white imp (D:5)
  An adder skeleton (D:8)
  3 adder zombies (Ossuary)
  6 worms
  5 dart slugs
  2 leopard geckos
  53 orcs
  A ball python (D:4)
  7 giant cockroaches
  8 goblins
  5 hobgoblins
  16 jackals
  5 quokkas
  10 bats
  8 frilled lizards
  2 giant cockroach zombies (Ossuary)
  A jackal zombie (Ossuary)
  14 kobolds
  A leopard gecko skeleton (D:5)
  2 leopard gecko zombies (Ossuary)
  An orc skeleton (D:6)
  An orc zombie (D:6)
  A quokka zombie (Ossuary)
  7 rats
377 creatures vanquished.

Vanquished Creatures (collateral kills)
  The ghost of Whiskey the Frost Mage, a journeyman OpIE of Sif Muna (D:10)
1 creature vanquished.

Vanquished Creatures (others)
  A wolf (IceCv)
  8 withered plants (Ossuary)
9 creatures vanquished.

Grand Total: 387 creatures vanquished

Notes
Turn   | Place    | Note
-------+----------+-------------------------------------------
     0 | D:1      | tbh1313 the Deep Dwarf Fighter began the quest for the Orb.
     0 | D:1      | Reached XP level 1. HP: 20/20 MP: 1/1
    75 | D:1      | Reached XP level 2. HP: 27/27 MP: 2/2
   178 | D:1      | Reached skill level 3 in Axes
   601 | D:2      | Reached XP level 3. HP: 33/33 MP: 3/3
   604 | D:2      | Reached skill level 4 in Axes
   972 | D:2      | Reached XP level 4. HP: 33/40 MP: 4/4
  1237 | D:2      | Reached skill level 5 in Axes
  1577 | D:2      | Found a blossoming altar of Fedhas.
  2176 | D:3      | Reached XP level 5. HP: 27/46 MP: 5/5
  2526 | D:3      | Reached skill level 6 in Axes
  3235 | D:4      | Noticed a phantom
  3256 | D:4      | Found a hazy altar of Hepliaklqana.
  3272 | D:4      | Reached XP level 6. HP: 20/55 MP: 6/6
  3291 | D:5      | Entered Level 5 of the Dungeon
  3428 | D:5      | Reached skill level 7 in Axes
  3518 | D:5      | Reached skill level 8 in Axes
  3518 | D:5      | Reached XP level 7. HP: 53/61 MP: 6/6
  3859 | D:4      | Reached skill level 9 in Axes
  4061 | D:4      | Found a staircase to the Ecumenical Temple.
  4066 | Temple   | Entered the Ecumenical Temple
  4263 | Temple   | Became a worshipper of Makhleb the Destroyer
  4834 | D:6      | Identified a scroll of acquirement
  4834 | D:6      | Acquired a manual of Shields
  4887 | D:6      | Reached XP level 8. HP: 35/68 MP: 6/6
  4901 | D:6      | Reached skill level 10 in Axes
  4961 | D:6      | Noticed Grinder
  4981 | D:6      | Killed Grinder
  5115 | D:6      | Reached skill level 11 in Axes
  5163 | D:6      | Reached * piety under Makhleb
  5163 | D:6      | Reached skill level 5 in Shields
  5220 | D:6      | Found a sand-covered staircase.
  5268 | Ossuary  | Entered an ossuary
  5387 | Ossuary  | Reached skill level 12 in Axes
  5440 | Ossuary  | Gained mutation: You passively map the area around you.
                  | [Deep Dwarf growth]
  5440 | Ossuary  | Reached XP level 9. HP: 46/74 MP: 6/6
  5476 | Ossuary  | Reached ** piety under Makhleb
  5930 | D:6      | Reached skill level 1 in Invocations
  5990 | D:6      | Noticed Duvessa
  5991 | D:6      | Noticed Dowan
  6003 | D:6      | Killed Dowan
  6007 | D:6      | Killed Duvessa
  6386 | D:7      | Reached skill level 13 in Axes
  6433 | D:7      | Reached skill level 5 in Invocations
  6758 | D:8      | Reached *** piety under Makhleb
  6966 | D:8      | Found a flagged portal.
  6979 | Bailey   | Entered a bailey
  7244 | Bailey   | Reached XP level 10. HP: 49/81 MP: 9/9
  7311 | Bailey   | Reached skill level 14 in Axes
  7492 | Bailey   | HP: 2/81 [centaur/+0 spear (4)]
  7504 | Bailey   | Reached **** piety under Makhleb
  8025 | D:8      | Noticed Harold
  8060 | D:8      | Killed Harold
  8411 | D:9      | Paralysed by a hornet for 1 turns
  8636 | D:9      | Reached skill level 5 in Fighting
  8645 | D:9      | Found a stormy altar of Qazlal.
  9053 | D:10     | Entered Level 10 of the Dungeon
  9181 | D:10     | Found an iron altar of Okawaru.
  9249 | D:10     | Found a runed translucent door.
  9249 | D:10     | Noticed Whiskey's ghost (journeyman OpIE)
  9371 | D:10     | Identified the +2 robe of Niuloom {Rampage Regen+ rCorr}
                  | (You found it on level 10 of the Dungeon)
  9759 | D:10     | Killed Whiskey's ghost
  9759 | D:10     | Reached XP level 11. HP: 13/104 MP: 5/5
  9956 | D:10     | Found a staircase to the Orcish Mines.
 10180 | D:11     | Reached skill level 15 in Axes
 10216 | D:11     | Found Ilahuim's Weapon Emporium.
 10220 | D:11     | Noticed a two-headed ogre
 10227 | D:11     | Killed a two-headed ogre
 10264 | D:11     | Noticed a two-headed ogre
 10328 | Orc:1    | Entered Level 1 of the Orcish Mines
 10624 | D:11     | Noticed an eight-headed hydra
 10727 | D:12     | You fall into a shaft and drop 1 floor!
 10763 | D:13     | Found a frozen archway.
 10789 | D:13     | Reached skill level 16 in Axes
 10820 | D:13     | Learned a level 1 spell: Foxfire
 10824 | IceCv    | Entered an ice cave
 10842 | IceCv    | Reached skill level 1 in Conjurations
 10843 | IceCv    | Reached ***** piety under Makhleb
 10843 | IceCv    | Reached skill level 1 in Fire Magic
 10887 | IceCv    | Noticed a death yak
 10910 | IceCv    | Killed a death yak
 11031 | IceCv    | Reached XP level 12. HP: 109/116 MP: 4/4
 11149 | IceCv    | Noticed a death yak
 11149 | IceCv    | Noticed a frost giant
 11166 | IceCv    | Killed a death yak
 11166 | IceCv    | Reached skill level 5 in Conjurations
 11166 | IceCv    | Reached skill level 5 in Fire Magic
 11176 | IceCv    | Slain by a frost giant

Illustrated notes

Levels and vault maps discovered:
D:1:      lemuel_arrival_funnel, layout_basic
D:2:      layout_loops_corners, fedhas_altar_4
D:3:      layout_loops_corners, kennysheep_generic_room_10
D:4:      layout_cave_pools, kennysheep_mini_moat,
          minmay_temple_entry_glassed_door
D:5:      layout_basic
D:6:      minmay_flawed_box, layout_rooms, nicolae_ossuary_entry_catacombs,
          kennysheep_doodads, grunt_ministairs_10, uniq_grinder, uniq_duvessa
D:7:      layout_basic
D:8:      layout_basic, enter_bailey_2, uniq_harold
D:9:      layout_big_octagon, basic_altar
D:10:     layout_basic, david_orc_1_choice, hellmonk_ghost_happy_afterlife,
          okawaru_ov_weapons_minmay
D:11:     layout_irregular_city, erik_lair_orcish_takeover, serial_shops, shop,
          kennysheep_generic_room_2
D:12:     layout_layer_cave, serial_rivers, chequers_serial_rivers_large_b,
          chequers_serial_rivers_room_a, chequers_serial_rivers_small_3,
          chequers_serial_rivers_micro_c
D:13:     layout_layer_cave, portal_ice_cave_entry_ice_beasts,
          grunt_decor_resistance, kennysheep_four_rooms, uniq_nessos
Temple:   minmay_crystal_snake_temple
Orc:1:    layout_diamond_mine
IceCv:    ice_cave_caverns_03

Skill      XL: |  1  2  3  4  5  6  7  8  9 10 11 12 |
---------------+-------------------------------------+-----
Axes           | 3 4 5 6 8 9 12 13 14 16 | 16.0
Shields        | 4 5 8 |  8.1
Invocations    | 6 |  6.0
Fighting       | 8 9 |  9.9
Conjurations   | 4 5 |  5.1
Fire Magic     | 4 5 |  5.2
Armour         | |  3.3
Dodging        | |  0.8

Action                   |  1- 3 |  4- 6 |  7- 9 | 10-12 || total
-------------------------+-------+-------+-------+-------++-------
Melee: War axe           |    94 |   279 |   540 |   442 ||  1355
       Hand axe          |       |       |       |   287 ||   287
Throw: Javelin           |       |       |       |     4 ||     4
Invok: Minor Destruction |       |       |    11 |     7 ||    18
       Lesser Servant of |       |       |       |     3 ||     3
       Major Destruction |       |       |       |     3 ||     3
 Abil: Heal Wounds       |       |     5 |    10 |    27 ||    42
  Use: Scroll            |     2 |     3 |    22 |    15 ||    42
       Potion            |       |       |     3 |     7 ||    10
 Stab: Sleeping          |       |       |       |     2 ||     2
Armor: Scale mail        |    35 |       |       |       ||    35
       Chain mail        |    29 |   180 |   220 |   305 ||   734
       Ring mail         |       |       |       |     4 ||     4
Dodge: Dodged            |    62 |    89 |   136 |   200 ||   487
Block: Buckler           |       |    46 |   114 |   174 ||   334

Table legend: (Time is in decaauts)
 A = Elapsed time spent in this place.
 B = Non-inter-level travel time spent in this place.
 C = Inter-level travel time spent in this place.
 D = Time resting spent in this place.
 E = Time spent auto-exploring this place.
 F = Levels seen in this place.
 G = Mean time per level.
                   A        B        C        D        E       F      G
               +--------+--------+--------+--------+--------+-----+--------+
         Total |  11061 |  10409 |    652 |   1408 |   5442 |  18 |  614.5 |
       Dungeon |   8979 |   8407 |    572 |   1336 |   4760 |  13 |  690.7 |
        Temple |    235 |    170 |     65 |      0 |    169 |   1 |  235.0 |
  Orcish Mines |    192 |    178 |     14 |      0 |     93 |   1 |  192.0 |
       Ossuary |    446 |    446 |      0 |     71 |    115 |   1 |  446.0 |
        Bailey |    889 |    889 |      0 |      0 |    248 |   1 |  889.0 |
      Ice Cave |    317 |    317 |      0 |      0 |     55 |   1 |  317.0 |
               +--------+--------+--------+--------+--------+-----+--------+

Top non-repeatable levels by time:
     D:2: 1326 daAuts
     D:3: 1294 daAuts
    D:10: 1172 daAuts
     D:8: 890 daAuts
  Bailey: 889 daAuts
     D:5: 878 daAuts
     D:6: 769 daAuts
     D:7: 647 daAuts
     D:1: 590 daAuts
     D:4: 588 daAuts
     D:9: 520 daAuts
 Ossuary: 446 daAuts
   IceCv: 317 daAuts
  Temple: 235 daAuts
   Orc:1: 192 daAuts
